AoeStats
← EeeZee3

Northern Isles

512919657Analyzed
1v1 RM · 5d ago on Oct 11, 2026· 25m 30s· 2 players
Game mode
Random Map
Map size
Tiny (2 player)
Population
200
Speed
Normal
Resources
Standard
Victory
Conquest
Starting age
Dark Age
Ending age
Imperial Age
RankedLock teamsTeams togetherTeam positionsShared explorationLock speedFull tech treeHidden civsTurbo modeCheats
Victory
Defeat
🇨🇭 Varangians · Switzerland
744
+13
vs
🇧🇷 Wu · Brazil
688
-13
MatMarra
9:12 Feudal Age
9:42 Double-Bit Axe
9:40 Horse Collar
19:15 Castle Age
17:55 Fishing Lines
18:22 Stone Mining
20:58 Stone Shaft Mining
20:25 Gillnets
EeeZee3
6:03 Loom
11:47 Feudal Age
12:09 Man-at-Arms
13:12 Arson
13:37 Town Watch
14:16 Horse Collar
14:26 Double-Bit Axe
15:31 Gold Mining
15:39 Stone Mining
17:24 Fletching
23:31 Wheelbarrow
22:50 Fishing Lines
Connection lost

Rejoining the realm…

Still unreachable

The connection could not be restored.

Session expired

The server has moved on; the page needs a fresh start.